 Dungeon Crawl Stone Soup version 0.24-a0-447-ge8da9206dc (webtiles) character file.

Game seed: 14540222766882181148

9085 KristoblXynda the Nimble (level 11, -3/82 HPs)
             Began as a Spriggan Berserker on June 25, 2019.
             Was a High Priest of Trog.
             Killed by divine providence
             ... invoked by an orc priest
              (15 damage)
             ... on level 9 of the Dungeon.
             The game lasted 00:28:02 (14723 turns).

KristoblXynda the Nimble (Spriggan Berserker)      Turns: 14723, Time: 00:28:03

Health: -3/82      AC: 25    Str: 15    XL:     11   Next: 18%
Magic:  19/19      EV:  4    Int:  9    God:    Trog [*****.]
Gold:   594        SH:  8    Dex: 21    Spells: 10/10 levels left

rFire    . . .     SeeInvis +   a - +1 short sword
rCold    . . .     Gourm    .   j - +0 buckler
rNeg     + + +     Faith    .   (armour currently unavailable)
rPois    +         Spirit   .   (helmet currently unavailable)
rElec    .         Reflect  .   (cloak currently unavailable)
rCorr    .         Harm     .   (gloves unavailable)
MR       +....     NoTele   +   (boots unavailable)
Stlth    +++++.....             (no amulet)
HPRegen  0.23/turn              n - ring of poison resistance
MPRegen  0.16/turn              m - +4 ring of dexterity

@: tree-form, berserk cooldown, slowed, very slow
A: very small, unfitting armour, see invisible, herbivore, slow metabolism 2
a: Berserk, Trog's Hand, Brothers in Arms, Renounce Religion


You were on level 9 of the Dungeon.
You worshipped Trog.
Trog was extremely pleased with you.
You were hungry.
You were a tree.
You visited 2 branches of the dungeon, and saw 10 of its levels.

You collected 594 gold pieces.

Inventory:

Hand Weapons
 a - a +1 short sword (weapon)
Missiles
 g - 5 boomerangs of dispersal (quivered)
 B - 7 curare-tipped darts
Armour
 b - a +0 animal skin (melded)
 j - a +0 buckler (worn)
 t - a +1 cloak (melded)
Jewellery
 f - an uncursed ring of stealth
 m - a +4 ring of dexterity (right branch)
 n - a ring of poison resistance (left branch)
 u - an uncursed ring of magical power
 A - an uncursed ring of protection from fire
Wands
 d - a wand of digging (12)
 C - a wand of disintegration (5)
 D - a wand of paralysis (1)
Scrolls
 e - 4 scrolls of magic mapping
 k - 7 scrolls of remove curse
 r - 3 scrolls of teleportation
 v - a scroll of fear
 x - 3 scrolls of identify
 y - 3 scrolls of amnesia
Potions
 i - 2 potions of agility
 o - a potion of brilliance
 q - 3 potions of berserk rage
 w - 2 potions of haste
Miscellaneous
 E - a fan of gales
Comestibles
 c - 12 rations


   Skills:
 - Level 5.0 Fighting
 + Level 9.9 Short Blades
 - Level 2.0 Throwing
 + Level 1.4 Armour
 - Level 12.1 Dodging
 - Level 10.0 Stealth
 + Level 3.7 Shields
 + Level 10.0 Evocations


You had 10 spell levels left.
You didn't know any spells.
Your spell library contained the following spells:

 Spells                   Type           Power        Failure   Level  Hunger
 Corona                   Hex            #......      45%         1    ##.....
 Ensorcelled Hibernation  Hex/Ice        #.....       61%         2    ###....
 Confuse                  Hex            #.......     83%         3    ####...
 Dazzling Spray           Conj/Hex       #.....       83%         3    ####...
 Tukima's Dance           Hex            #.......     83%         3    ####...
 Irradiate                Conj/Tmut      #.........   100%        5    ######.
 Hydra Form               Tmut           #.........   100%        6    #######
 Statue Form              Tmut/Erth      #........    100%        6    #######
 Dragon Form              Tmut           #.........   100%        7    #######


Dungeon Overview and Level Annotations

Branches:
Dungeon (9/15)             Temple (1/1) D:5             Orc (0/2) D:9
   Lair: D:8-11

Altars:
Ashenzari
Cheibriados
Dithmenos
Elyvilon
Fedhas
Gozag
Hepliaklqana
Kikubaaqudgha
Makhleb
Nemelex Xobeh
Okawaru
Qazlal
Ru
Sif Muna
Trog
Uskayaw
Vehumet
Wu Jian
Xom
Yredelemnul
Zin
The Shining One

Shops:
D:8 :

Annotations:
D:7 2 transporters, Amnesiac's ghost, novice MfSk


Innate Abilities, Weirdness & Mutations

You are very small and have problems with some larger weapons.
You are too small for most types of armour.
You have supernaturally acute eyesight. (SInv)
You are a herbivore.
((You cover ground extremely quickly.))
You need to consume almost no food.


Message History

You puncture the orc!
You kill the orc!
Trog accepts your kill.
You hit the orc.
The orc is heavily wounded.
The orc priest calls down the wrath of Beogh upon you.
Beogh smites you!
* * * LOW HITPOINT WARNING * * *
You hit the orc.
You kill the orc!
Trog accepts your kill.
Evoke which item? (* to show all) (? for menu, Esc to quit)
Okay, then.
Really quaff the potion of lignification?
You turn into a tree.
Your +1 cloak melds into your body.
Your +0 animal skin melds into your body.
Your roots penetrate the ground.
The orc priest invokes the aid of Beogh against you.
Beogh smites you!
You die...

###########
..........###
..8..8o.8..8##
..o...o.oo...###
.o..........)'.#
............)#o#
..8..8..8..8##o#
..........####♣#
##############.#
########.......#.#
.......#..#.....(#
.......#..#....###
.......'..#....#
.......#.......#
..######.......#
###............#


You could see an orc priest and an orc.

Vanquished Creatures
  A two-headed ogre (D:8)
  Pikel (D:8)
  An orc knight (D:9)
  Maurice (D:8)
  A hornet (D:9)
  A hippogriff (D:9)
  Sigmund (D:2)
  4 hogs (D:7)
  6 yaks (D:9)
  A human (D:7)
  Duvessa (D:4)
  A water moccasin (D:6)
  6 orc warriors
  2 ice beasts (D:5)
  2 phantoms
  2 sky beasts (D:5)
  A necrophage (D:8)
  9 ogres
  5 centaurs
  7 bullfrogs
  Dowan (D:4)
  2 scorpions (D:8)
  8 wights
  7 howler monkeys
  An electric eel (D:9)
  5 crimson imps
  3 hounds
  3 jellies
  7 orc priests
  Crazy Yiuf (D:2)
  3 iguanas (D:6)
  Natasha (thrice) (D:2)
  6 orc wizards
  3 worker ants
  A hound skeleton (D:6)
  2 worker ant zombies
  4 gnolls (D:3)
  13 adders
  2 worms
  2 dart slugs
  7 leopard geckos
  37 orcs
  4 ball pythons
  2 giant cockroaches (D:5)
  5 goblins
  6 hobgoblins
  17 jackals
  5 kobolds
  5 quokkas
  6 bats
  5 frilled lizards
  A quokka zombie (D:6)
  3 rats
  2 fungi (D:2)
236 creatures vanquished.

Notes
Turn   | Place    | Note
-------+----------+-------------------------------------------
     0 | D:1      | KristoblXynda the Spriggan Berserker began the quest for
                  | the Orb.
     0 | D:1      | Reached XP level 1. HP: 11/11 MP: 2/2
   566 | D:1      | Reached XP level 2. HP: 12/16 MP: 3/3
   910 | D:2      | Reached skill level 5 in Dodging
   945 | D:2      | Noticed Sigmund
   965 | D:2      | Killed Sigmund
   965 | D:2      | Reached XP level 3. HP: 12/20 MP: 4/4
   965 | D:2      | Reached XP level 4. HP: 14/24 MP: 5/5
   965 | D:2      | Reached XP level 5. HP: 16/28 MP: 6/6
  1520 | D:2      | Reached skill level 6 in Dodging
  1889 | D:2      | Reached ** piety under Trog
  1956 | D:2      | Found a radiant altar of Vehumet.
  2060 | D:2      | Noticed Natasha
  2089 | D:2      | Killed Natasha
  2458 | D:2      | Noticed Natasha
  2468 | D:2      | Killed Natasha
  2593 | D:2      | Noticed Natasha
  2606 | D:2      | Killed Natasha
  2606 | D:2      | Reached XP level 6. HP: 26/32 MP: 7/7
  2666 | D:2      | Found a runed translucent door.
  2667 | D:2      | Noticed Crazy Yiuf
  2681 | D:2      | Killed Crazy Yiuf
  3165 | D:3      | Reached skill level 5 in Short Blades
  3567 | D:3      | HP: 1/49 [orc priest/divine providence (10)]
  4318 | D:4      | HP: 1/33 [jackal (3)]
  4705 | D:4      | Reached skill level 7 in Dodging
  4705 | D:4      | Reached skill level 5 in Stealth
  4705 | D:4      | Reached skill level 1 in Evocations
  4705 | D:4      | Reached XP level 7. HP: 11/37 MP: 7/9
  5639 | D:4      | Noticed Dowan
  5720 | D:4      | Noticed Duvessa
  5726 | D:4      | Killed Dowan
  5792 | D:4      | Killed Duvessa
  5792 | D:4      | Reached *** piety under Trog
  5792 | D:4      | Reached XP level 8. HP: 18/42 MP: 11/11
  6008 | D:5      | Entered Level 5 of the Dungeon
  6285 | D:5      | Reached skill level 8 in Dodging
  6628 | D:5      | Found a staircase to the Ecumenical Temple.
  6672 | Temple   | Entered the Ecumenical Temple
  6849 | D:5      | Found a bloodstained altar of Trog.
  7726 | D:5      | Reached skill level 5 in Fighting
  7726 | D:5      | Reached skill level 5 in Evocations
  8006 | D:6      | Reached skill level 9 in Dodging
  8073 | D:6      | Found a shadowy altar of Dithmenos.
  8128 | D:6      | Reached skill level 1 in Throwing
  8160 | D:6      | Reached XP level 9. HP: 25/47 MP: 12/14
 10038 | D:7      | Reached **** piety under Trog
 10151 | D:7      | Reached skill level 10 in Dodging
 10773 | D:7      | Found a transporter.
 10777 | D:7      | Found a transporter.
 10778 | D:7      | Noticed Amnesiac's ghost (novice MfSk)
 11037 | D:8      | Reached skill level 10 in Stealth
 11482 | D:8      | Reached XP level 10. HP: 51/51 MP: 16/16
 11486 | D:8      | Found Dotiof's Book Shoppe.
 11742 | D:8      | Noticed a two-headed ogre
 11758 | D:8      | Killed a two-headed ogre
 11758 | D:8      | Reached skill level 11 in Dodging
 11758 | D:8      | Reached skill level 1 in Shields
 11792 | D:8      | Noticed Pikel
 11807 | D:8      | Killed Pikel
 11917 | D:8      | Noticed Maurice
 11925 | D:8      | Killed Maurice
 12099 | D:8      | Received a gift from Trog
 12290 | D:8      | Reached ***** piety under Trog
 13080 | D:9      | Reached skill level 12 in Dodging
 13472 | D:9      | Reached XP level 11. HP: 39/55 MP: 19/19
 13842 | D:9      | Reached skill level 1 in Armour
 14344 | D:9      | Found a staircase to the Orcish Mines.
 14448 | D:9      | Found a runed translucent door.
 14567 | D:9      | Noticed an orc knight
 14713 | D:9      | Killed an orc knight
 14713 | D:9      | Reached skill level 10 in Evocations
 14723 | D:9      | Killed from afar by an orc priest

Levels and vault maps discovered:
D:1:      sevenhm_arrival_forest_fort_small_4, layout_loops_ring
D:2:      layout_basic, lemuel_tele_altar, uniq_natasha,
          uniq_crazy_yiuf_cottage, uniq_sigmund
D:3:      layout_rooms, first_ration, saegor_snake_ambush
D:4:      layout_cave_pools, minmay_cupped, uniq_duvessa
D:5:      layout_basic, kennysheep_little_box,
          minmay_temple_entry_statues_fountains, minmay_checkerbox
D:6:      layout_basic, nicolae_dithmenos_through_a_glass_darkly
D:7:      layout_rooms, gammafunk_ghost_hive, grunt_livestock,
          chequers_serial_rivers_small_b, feat_on_display
D:8:      layout_gridville, serial_shops, shop, minmay_misc_feat_secret_circle,
          uniq_pikel, uniq_maurice
D:9:      layout_stronghold, erik_orc_2, lightli_church_of_beogh
Temple:   kilobyte_greek_temple

Skill      XL: |  1  2  3  4  5  6  7  8  9 10 11 |
---------------+----------------------------------+-----
Dodging        | 5 6 7 9 10 12 | 12.1
Fighting       | 3 4 5 |  5.0
Short Blades   | 4 5 6 8 9 |  9.9
Stealth        | 3 5 6 8 10 | 10.0
Evocations     | 1 3 5 7 9 10 | 10.0
Throwing       | 1 2 |  2.0
Shields        | 3 |  3.7
Armour         | 1 |  1.4

Action                   |  1- 3 |  4- 6 |  7- 9 | 10-12 || total
-------------------------+-------+-------+-------+-------++-------
Melee: Short sword       |    88 |   281 |   626 |   411 ||  1406
Throw: Dart              |       |    31 |    43 |       ||    74
       Boomerang         |       |       |       |     3 ||     3
Invok: Berserk           |     1 |     3 |     3 |     4 ||    11
       Trog's Hand       |       |     1 |       |       ||     1
Evoke: Wand              |       |       |     9 |    31 ||    40
  Use: Scroll            |       |     6 |     8 |     6 ||    20
       Potion            |       |     2 |       |     1 ||     3
 Stab: Sleeping          |     2 |     5 |    24 |     9 ||    40
       Distracted        |     1 |       |       |       ||     1
       Paralysed         |       |       |     6 |     5 ||    11
  Eat: Ration            |       |     3 |     5 |     4 ||    12
Armor: Animal skin       |     6 |    15 |    16 |     9 ||    46
Dodge: Dodged            |    79 |   217 |   445 |   214 ||   955
Block: Buckler           |       |       |       |    83 ||    83

Table legend:
 A = Non-vault XP
 B = Vault XP
 C = Vault XP percentage of total XP
 D = Non-vault monster count
 E = Vault monster count
 F = Vault count percentage of total count
                 A         B        C        D         E       F
            +---------+---------+-------+---------+---------+-------
      Total |    8654 |    4325 |  33.3 |     184 |      50 |  21.4
            +---------+---------+-------+---------+---------+-------
        D:1 |      20 |       0 |   0.0 |      13 |       0 |   0.0
        D:2 |     129 |     283 |  68.7 |      19 |       3 |  13.6
        D:3 |     166 |      31 |  15.7 |      25 |       4 |  13.8
        D:4 |     587 |     239 |  28.9 |      12 |       3 |  20.0
        D:5 |    1016 |      81 |   7.4 |      25 |       3 |  10.7
        D:6 |     855 |       0 |   0.0 |      18 |       0 |   0.0
        D:7 |     509 |    1002 |  66.3 |      17 |       5 |  22.7
        D:8 |    2370 |    1108 |  31.9 |      30 |       2 |   6.2
        D:9 |    3002 |    1581 |  34.5 |      25 |      30 |  54.5
            +---------+---------+-------+---------+---------+-------
